 Dungeon Crawl Stone Soup version 0.29-a0-1018-g6b6670bd90 (webtiles) character file.

Game seed: 3654271047214823310

30 BritishOli the Trooper (level 3, 0/29 HPs)
             Began as a Demonspawn Fighter on Aug 10, 2022.
             Succumbed to a goblin's poison
             ... on level 2 of the Dungeon.
             The game lasted 00:01:00 (1357 turns).

BritishOli the Trooper (Demonspawn Fighter)         Turns: 1357, Time: 00:01:00

Health: 0/29       AC:  9    Str: 18    XL:     3   Next: 5%
Magic:  3/3        EV:  9    Int:  9    God:
Gold:   44         SH:  4    Dex: 12    Spells: 2/2 levels left

rFire   . . .      SeeInvis .   a - +0 long sword
rCold   . . .      Faith    .   c - +0 buckler
rNeg    . . .      Spirit   .   b - +0 scale mail
rPois   .          Reflect  .   (no helmet)
rElec   .          Harm     .   (no cloak)
rCorr   .          Rampage  .   (no gloves)
Will    .....                   (no boots)
Stlth   ..........              (no amulet)
HPRegen 0.09/turn               (no ring)
MPRegen 0.08/turn               (no ring)

@: lethally poisoned (0 -> -15)
A: thin metallic scales 2
a: no special abilities


You were on level 2 of the Dungeon.
You visited 1 branch of the dungeon, and saw 2 of its levels.

You collected 44 gold pieces.

Inventory:

Hand Weapons
 a - a +0 long sword (weapon)
Armour
 b - a +0 scale mail (worn)
 c - a +0 buckler (worn)
Jewellery
 e - a ring of wizardry
Scrolls
 f - a scroll of teleportation {unknown}
 h - a scroll of butterflies {unknown}
 i - a scroll of identify {unknown}
Potions
 d - a potion of might
 g - 2 potions of curing {unknown}


   Skills:
 + Level 3.3 Fighting
 + Level 2.2 Long Blades
 + Level 3.0 Armour
 + Level 3.0 Shields


You had 2 spell levels left.
You didn't know any spells.
Your spell library was empty.

Dungeon Overview and Level Annotations

Branches:
Dungeon (2/15)

Altars:

Shops:
D:2 [


Innate Abilities, Weirdness & Mutations

You are mostly covered in thin metallic scales. (AC +3)


Message History

The goblin hits you but does no damage.
The goblin unwields a +0 sling.
The goblin wields a +1 dagger of venom.
It begins to drip with poison!
The goblin barely misses you.
You closely miss the goblin. The bat closely misses you.
The goblin hits you with a +0 club.
The endoplasm jiggles.
The goblin hits you but does no damage.
You are poisoned.
You barely miss the goblin.
You feel very sick. The bat hits you but does no damage.
The goblin hits you but does no damage. x2
The bat closely misses you. The goblin closely misses you.
You closely miss the goblin.
You feel sick. The bat barely misses you. x2
The goblin hits you but does no damage. x2
The endoplasm hits you but does no damage.
The bat hits you but does no damage. The goblin hits you but does no damage.
You are more poisoned.
You hit the goblin.
The goblin is heavily wounded.
You feel very sick. You block the bat's attack. The bat closely misses you.
The goblin hits you but does no damage.
The endoplasm hits you but does no damage.
The goblin hits you but does no damage. The bat closely misses you.
You barely miss the goblin.
The goblin is heavily wounded.
You feel sick. The bat hits you but does no damage. You block the bat's attack.
The bat hits you but does no damage. You block the goblin's attack.
The endoplasm barely misses you.
The goblin hits you with a +1 dagger of venom.
* * * LOW HITPOINT WARNING * * *
You are lethally poisoned!
The endoplasm hits you but does no damage.
The goblin hits you but does no damage.
* * * LOW HITPOINT WARNING * * *
You feel very sick. The bat hits you but does no damage.
You block the bat's attack. The goblin closely misses you.
The bat attacks as you move away! The bat barely misses you.
You die...

. .#[#..### .#
..?.∩..?..####.###
...#.#..#..........
#.#...#............
...................
.......)J....!....
#...gbg.......#
.....###........#
<.# #.@......#
#........#
#........# .
#........# ...
#..>.<...##.....
#........†......
#####..###......
##.# ..... #.# ....


You could see an endoplasm, 2 goblins and a bat.

Vanquished Creatures
  2 ball pythons (D:1)
  4 bats (D:1)
  3 endoplasms
  A giant cockroach (D:1)
  4 goblins (D:1)
  2 hobgoblins (D:1)
  2 jackals (D:1)
  3 kobolds (D:1)
  2 quokkas
  A frilled lizard (D:1)
  2 rats (D:1)
26 creatures vanquished.

Notes
Turn   | Place    | Note
-------+----------+-------------------------------------------
     0 | D:1      | BritishOli the Demonspawn Fighter began the quest for the
                  | Orb.
     0 | D:1      | Reached XP level 1. HP: 18/18 MP: 1/1
   305 | D:1      | Gained mutation: You are partially covered in thin metallic
                  | scales. (AC +2) [demonic ancestry]
   305 | D:1      | Reached XP level 2. HP: 14/24 MP: 2/2
  1326 | D:2      | Gained mutation: You are mostly covered in thin metallic
                  | scales. (AC +3) [demonic ancestry]
  1326 | D:2      | Reached XP level 3. HP: 28/29 MP: 3/3
  1332 | D:2      | Found Adaxt's Antique Armour Emporium.
  1357 | D:2      | Succumbed to a goblin's poison

Illustrated notes

Levels and vault maps discovered:
D:1:      scummos_arrival_checkerplants, layout_basic
D:2:      layout_rooms, serial_shops, nicolae_shop_advertising_works
          [nicolae_subvault_shop_adworks]

Skill      XL: |  1  2 |
---------------+-------+-----
Long Blades    | 2 |  2.2
Shields        | 3 |  3.0
Armour         | 3 |  3.0
Fighting       | |  3.3

Action                   || total
-------------------------++-------
Melee: Long sword        ||    94
Armor: Scale mail        ||    77
Dodge: Dodged            ||    52
Block: Buckler           ||    33

Table legend: (Time is in decaauts)
 A = Elapsed time spent in this place.
 B = Non-inter-level travel time spent in this place.
 C = Inter-level travel time spent in this place.
 D = Time resting spent in this place.
 E = Time spent auto-exploring this place.
 F = Levels seen in this place.
 G = Mean time per level.
                   A        B        C        D        E       F      G
               +--------+--------+--------+--------+--------+-----+--------+
         Total |   1390 |   1352 |     38 |      0 |   1131 |   2 |  695.0 |
       Dungeon |   1390 |   1352 |     38 |      0 |   1131 |   2 |  695.0 |
               +--------+--------+--------+--------+--------+-----+--------+

Top non-repeatable levels by time:
     D:1: 1339 daAuts
     D:2: 50 daAuts
